 Dungeon Crawl Stone Soup version 0.17-a0-484-g0e03f6a (webtiles) character file.

102 Fv001 the Digger (level 4, 0/24 HPs)
             Began as a Gargoyle Earth Elementalist on Apr 9, 2015.
             Killed by divine providence
             ... invoked by an orc priest
              (8 damage)
             ... on level 5 of the Dungeon.
             The game lasted 00:25:01 (2558 turns).

Fv001 the Digger (Gargoyle Earth Elementalist)      Turns: 2558, Time: 00:25:02

Health: 0/24       AC:  6    Str: 13    XL:     4   Next: 77%
Magic:  8/8        EV:  6    Int: 15    God:    Xom [..*...]
Gold:   79         SH:  0    Dex: 10    Spells: 4 memorised, 0 levels left

rFire  . . .     SeeInvis .     a - +0 whip
rCold  . . .     Clarity  .     j - +0 leather armour
rNeg   + . .     SustAb   .     (no shield)
rPois  ∞         Gourm    .     (no helmet)
rElec  +         Spirit   .     (no cloak)
rCorr  .         Warding  .     (no gloves)
rMut   .         Stasis   .     (no boots)
MR     .....                    (no amulet)
Stlth  ++........               (no ring)
                                (no ring)

@: not resistant to hostile enchantments, unstealthy
A: negative energy resistance 1, electricity resistance, unbreathing,
petrification resistance, rot immunity, AC +3
a: Renounce Religion


You were on level 5 of the Dungeon.
You worshipped Xom.
You were a toy of Xom.
You were not hungry.

You visited 1 branch of the dungeon, and saw 6 of its levels.

You collected 79 gold pieces.

Inventory:

Hand weapons
 a - a +0 whip (weapon)
Missiles
 b - 42 stones (quivered)
Armour
 j - a +0 leather armour (worn)
Jewellery
 r - a cursed -5 ring of evasion {unknown}
Scrolls
 q - a scroll of remove curse
Potions
 c - a potion of heal wounds {unknown}
 e - a potion of ambrosia
 h - a potion of curing {unknown}
 i - a potion of agility {unknown}
 l - a potion of might {unknown}
 n - a potion of resistance {unknown}
 o - 2 potions of haste {unknown}
 p - a potion of cure mutation {unknown}
Books
 d - a book of Geomancy

   Spells                             Type                      Level
   a - Sandblast                      Earth                        1
   b - Stoneskin                      Transmutation/Earth          2
   c - Passwall                       Transmutation/Earth          3
   d - Stone Arrow                    Conjuration/Earth            3
   e - Petrify                        Transmutation/Earth          4
   f - Lee's Rapid Deconstruction     Earth                        5
Comestibles
 f - a beef jerky
 g - a meat ration
 k - 3 bread rations
 s - a chunk of flesh


   Skills:
 + Level 0.2 Fighting
 + Level 0.2 Maces & Flails
 * Level 1.0 Armour
 + Level 1.9 Dodging
 + Level 2.2 Stealth
 + Level 0.2 Unarmed Combat
 + Level 3.0 Spellcasting
 + Level 1.0 Transmutations
 + Level 4.8 Earth Magic


You couldn't memorise any spells.
You knew the following spells:

 Your Spells              Type           Power        Failure   Level  Hunger
a - Sandblast             Erth           ###...       3%          1    #......
b - Stoneskin             Trmt/Erth      ##......     14%         2    ##.....
c - Passwall              Trmt/Erth      ##........   24%         3    ###....
d - Stone Arrow           Conj/Erth      #.....       30%         3    ###....


Dungeon Overview and Level Annotations

Branches:
Dungeon (6/15)
 Temple: D:4-7

Altars:
Gozag
Nemelex Xobeh
Xom
The Shining One


Innate Abilities, Weirdness & Mutations

You are resistant to torment.
Your stone body is resilient (AC +3).
You are immune to poison.
You resist negative energy.
You are resistant to electric shocks.
You can survive without breathing.
You are immune to petrification.
You are immune to rotting.


Message History

Magic restored.
An orc comes into view.
The orc shouts!
An orc comes into view. It is wielding a club.
The orc shouts!
An orc priest comes into view. It is wielding a falchion.
The orc priest shouts!
Xom almost notices you.
Your leather armour briefly grows fur, then returns to normal.
The orc priest mumbles some strange prayers to Beogh against you.
Something smites you!
Ouch! That really hurt!
The orc hits you but does no damage.
The orc priest becomes somewhat translucent.
There is a stone staircase leading down here.
The orc hits you but does no damage. x2
The orc priest mumbles some strange prayers to Beogh against you.
Something smites you!
You die...
Xom howls with laughter!

#####..................
.......................
............o.........#
#....(....o........#.##
#.####...............#
#....#.........##
##....#......#.#
#oo##.#.....#.#
#@######...#.## #.#
##..#.# ### ######


You could see an orc priest and 3 orcs.

Vanquished Creatures
  5 adders
  A worm (D:2)
  A giant gecko (D:1)
  An orc (D:6)
  A ball python (D:2)
  A giant cockroach (D:2)
  5 hobgoblins
  4 kobolds
  11 bats
  2 giant newts (D:2)
  6 goblins
  8 jackals
  4 rats
50 creatures vanquished.

Notes
Turn   | Place    | Note
--------------------------------------------------------------
     0 | D:1      | Fv001, the Gargoyle Earth Elementalist, began the quest for the Orb.
     0 | D:1      | Reached XP level 1. HP: 10/10 MP: 3/3
   119 | D:1      | Reached XP level 2. HP: 13/15 MP: 0/5
   150 | D:1      | Reached skill level 4 in Earth Magic
   170 | D:1      | Learned a level 2 spell: Stoneskin
   873 | D:1      | Reached XP level 3. HP: 19/19 MP: 2/6
   898 | D:1      | Learned a level 3 spell: Passwall
  1782 | D:2      | Reached XP level 4. HP: 24/24 MP: 3/8
  1819 | D:2      | Found a glowing golden altar of the Shining One.
  2375 | D:2      | Reached skill level 1 in Armour
  2375 | D:2      | Reached skill level 1 in Transmutations
  2454 | D:3      | Learned a level 3 spell: Stone Arrow
  2454 | D:3      | Found a shimmering altar of Xom.
  2454 | D:3      | Found a shimmering altar of Xom.
  2454 | D:3      | Found a shimmering altar of Xom.
  2455 | D:3      | Found a shimmering altar of Xom.
  2455 | D:3      | Found a shimmering altar of Xom.
  2460 | D:3      | Became a worshipper of Xom of Malicious Giggling
  2462 | D:3      | You fall through a shaft for 3 floors!
  2462 | D:6      | Found an opulent altar of Gozag.
  2462 | D:6      | Found a sparkling altar of Nemelex Xobeh.
  2466 | D:6      | XOM: silly message
  2526 | D:5      | Entered Level 5 of the Dungeon
  2549 | D:5      | XOM: silly message
  2558 | D:5      | Killed from afar by an orc priest

Action                   |  1- 3 |  4- 6 || total
-------------------------+-------+-------++-------
Melee: Unarmed           |    37 |       ||    37
       Whip              |    26 |    36 ||    62
 Cast: Sandblast         |    49 |    14 ||    63
       Stoneskin         |    17 |     7 ||    24
  Use: Scroll            |     4 |     1 ||     5
 Stab: Sleeping          |       |     1 ||     1
  Eat: Chunk             |     5 |     3 ||     8
